 Dungeon Crawl Stone Soup version 0.31-a0-496-g6f97920a28 (webtiles) character file.

Game seed: 5853660553548990676

81 bmack86 the Chopper (level 4, -5/58 HPs)
             Began as a Minotaur Fighter on Aug 8, 2023.
             Slain by a gnoll
             ... wielding a +0 spear
              (6 damage)
             ... on level 2 of the Dungeon.
             The game lasted 00:02:55 (1085 turns).

bmack86 the Chopper (Minotaur Fighter)              Turns: 1085, Time: 00:02:56

Health: -5/58      AC:  6    Str: 22    XL:     4   Next: 19%
Magic:  3/3        EV:  9    Int: 11    God:
Gold:   99         SH:  4    Dex: 10    Spells: 3/3 levels left

rFire   . . .        a - +0 war axe
rCold   . . .        c - +0 buckler
rNeg    . . .        b - +0 scale mail
rPois   .            (helmet restricted)
rElec   .            (no cloak)
rCorr   .            (no gloves)
SInv    .            (no boots)
Will    .....        (no amulet) Stlth
                     e - +6 ring of intelligence
HPRegen 0.29/turn    (no ring)
MPRegen 0.08/turn

%: no passive effects
@: berserking (expiring), very quick
A: horns 2, retaliatory headbutt
a: no special abilities


You were on level 2 of the Dungeon.
You visited 1 branch of the dungeon, and saw 2 of its levels.

You collected 99 gold pieces.

Inventory:

Hand Weapons
 a - a +0 war axe (weapon)
Armour
 b - a +0 scale mail (worn)
 c - a +0 buckler (worn)
Jewellery
 e - a +6 ring of intelligence (left hand)
Scrolls
 i - a scroll of torment {unknown}
 k - a scroll of brand weapon {unknown}
Potions
 d - a potion of might
 f - a potion of resistance {unknown}
 g - a potion of heal wounds
 h - a potion of enlightenment


   Skills:
 - Level 3.6 Fighting
 + Level 5.5 Axes
 - Level 3.6 Armour
 - Level 3.6 Shields


You had 3 spell levels left.
You didn't know any spells.
Your spell library was empty.

Dungeon Overview and Level Annotations

Branches:
Dungeon (2/15)

Altars:


Innate Abilities, Weirdness & Mutations

You have a pair of horns on your head.
You reflexively headbutt those who attack you in melee.


Message History

Found a large copper ring.
You slash the bat!
You kill the bat!
You slash the gnoll!
The gnoll is severely wounded.
The gnoll hits you with a +0 flail. The gnoll closely misses you.
The gnoll hits you from afar with a +0 spear.
The gnoll hits you with a +0 flail.
You closely miss the gnoll. You headbutt the gnoll.
The gnoll is almost dead.
A ball python comes into view.
The gnoll hits you with a +0 flail.
The gnoll hits you from afar with a +0 spear.
A red film seems to cover your vision as you go berserk!
You feel yourself moving faster!
You feel mighty!
The ball python hisses angrily.
You block the gnoll's attack. The gnoll barely misses you.
You hit the gnoll.
You kill the gnoll!
The gnoll hits you from afar with a +0 spear.
You have reached level 4!
You feel agile.
You slice the ball python!!
You kill the ball python!
The gnoll hits you but does no damage.
You hit the gnoll.
The gnoll is heavily wounded.
The gnoll hits you with a +0 club.
* * * LOW HITPOINT WARNING * * *
The gnoll barely misses you.
You closely miss the gnoll.
The gnoll is heavily wounded.
You slash the gnoll!
You kill the gnoll!
The gnoll hits you from afar with a +0 spear.
* * * LOW HITPOINT WARNING * * *
The gnoll hits you with a +0 flail!
* * * LOW HITPOINT WARNING * * *
The gnoll hits you with a +0 spear.
You die...

........'...########.#####
####....##### #%....#
...'........... #.###.###
####..[.####### #.#
#...#### #....# #.#
###....# #....# #### #.#
####.## #....# ###.=. #.#
#..## #....# #....g####.#
##... #....# #....g@....#
#####. ###### #.....######
#..... ....... #.....
....... #..... .......
#..... ....... #.....
....... ###### #######


You could see 2 gnolls.

Vanquished Creatures
  2 adders (D:2)
  2 gnolls (D:2)
  3 worms (D:2)
  5 endoplasms
  A giant cockroach (D:1)
  2 hobgoblins
  2 jackals (D:2)
  2 quokkas (D:1)
  3 ball pythons
  5 bats
  3 frilled lizards (D:1)
  2 goblins (D:1)
  2 kobolds
  5 rats
39 creatures vanquished.

Notes
Turn   | Place    | Note
-------+----------+-------------------------------------------
     0 | D:1      | bmack86 the Minotaur Fighter began the quest for the Orb.
     0 | D:1      | Reached XP level 1. HP: 19/19 MP: 0/0
   177 | D:1      | Reached skill level 3 in Axes
   213 | D:1      | Reached XP level 2. HP: 26/26 MP: 1/1
   475 | D:1      | Reached skill level 4 in Axes
   719 | D:2      | Reached XP level 3. HP: 27/31 MP: 2/2
   951 | D:2      | Reached skill level 5 in Axes
  1081 | D:2      | Reached XP level 4. HP: 18/39 MP: 3/3
  1085 | D:2      | HP: 1/58 [gnoll/+0 flail (7)]
  1085 | D:2      | Slain by a gnoll

Illustrated notes

Levels and vault maps discovered:
D:1:      spicycebolla_arrival_transporter_tutorial, layout_loops_cross,
          chequers_avenue
D:2:      layout_basic, uniq_natasha

Skill      XL: |  1  2  3 |
---------------+----------+-----
Axes           | 3 4 5 |  5.5
Fighting       | |  3.6
Armour         | |  3.6
Shields        | |  3.6

Action                     |  1- 3 |  4- 6 || total
---------------------------+-------+-------++-------
  Melee: War axe           |    72 |     4 ||    76
         Headbutt          |     8 |       ||     8
    Use: Scroll            |     4 |       ||     4
         Potion            |     1 |       ||     1
 Armour: Scale mail        |    40 |     1 ||    41
  Dodge: Dodged            |    30 |     1 ||    31
  Block: Buckler           |    15 |       ||    15

Table legend: (Time is in decaauts)
 A = Elapsed time spent in this place.
 B = Non-inter-level travel time spent in this place.
 C = Inter-level travel time spent in this place.
 D = Time resting spent in this place.
 E = Time spent auto-exploring this place.
 F = Levels seen in this place.
 G = Mean time per level.
                   A        B        C        D        E       F      G
               +--------+--------+--------+--------+--------+-----+--------+
         Total |   1106 |   1078 |     28 |      0 |    648 |   2 |  553.0 |
       Dungeon |   1106 |   1078 |     28 |      0 |    648 |   2 |  553.0 |
               +--------+--------+--------+--------+--------+-----+--------+

Top non-repeatable levels by time:
     D:1: 674 daAuts
     D:2: 432 daAuts
